 Dungeon Crawl Stone Soup version 0.21.1-1-g345015f (webtiles) character file.

414 GrunderHorse the Slasher (level 6, -9/37 HPs)
             Began as a Tengu Berserker on Apr 13, 2018.
             Was a Believer of Trog.
             Mangled by a scorpion (10 damage)
             ... on level 4 of the Dungeon.
             The game lasted 00:03:34 (2621 turns).

GrunderHorse the Slasher (Tengu Berserker)          Turns: 2621, Time: 00:03:35

Health: -9/37      AC:  2    Str: 17    XL:     6   Next: 91%
Magic:  4/7        EV: 19    Int:  7    God:    Trog [**....]
Gold:   209        SH:  0    Dex: 16    Spells: 5/5 levels left

rFire    . . .     SeeInvis .   a - +0 falchion
rCold    . . .     Gourm    .   (no shield)
rNeg     . . .     Faith    .   b - +0 animal skin
rPois    .         Spirit   .   (helmet restricted)
rElec    .         Reflect  .   (no cloak)
rCorr    .         Harm     .   (no gloves)
MR       ++...                  (boots unavailable)
Stlth    +.........             (no amulet)
HPRegen  1.12/turn              (no ring)
MPRegen  0.10/turn              (no ring)

@: lethally poisoned (-9 -> -9), flying quickly and evasively, regenerating,
quick
A: beak, talons 3, able to fly 1
a: Berserk, Trog's Hand, Burn Spellbooks, Renounce Religion


You were on level 4 of the Dungeon.
You worshipped Trog.
Trog was pleased with you.
You were very hungry.

You visited 1 branch of the dungeon, and saw 4 of its levels.

You collected 209 gold pieces.

Inventory:

Hand Weapons
 a - a +0 falchion (weapon)
 m - a +0 falchion
Missiles
 i - 5 tomahawks (quivered)
 k - 7 javelins
 n - 2 throwing nets
Armour
 b - a +0 animal skin (worn)
 l - a +0 scale mail of cold resistance
Wands
 g - a wand of polymorph (13)
 o - a wand of digging (10)
 q - a wand of iceblast (4)
Scrolls
 j - 3 scrolls of identify
 r - a scroll of teleportation {unknown}
Potions
 d - a potion of agility {unknown}
 e - a potion of magic {unknown}
 f - a potion of curing {unknown}
 h - a potion of flight {unknown}
 p - a potion of heal wounds {unknown}
 s - a potion of lignification {unknown}
Comestibles
 c - 8 rations
 t - 2 chunks of flesh


   Skills:
 - Level 3.0 Fighting
 + Level 6.3 Long Blades
 - Level 2.1 Armour
 + Level 5.7 Dodging


You had 5 spell levels left.
You didn't know any spells.

Dungeon Overview and Level Annotations

Branches:
Dungeon (4/15)
 Temple: D:4-7

Altars:
Okawaru
Vehumet


Innate Abilities, Weirdness & Mutations

You have a beak for a mouth.
You have claws for feet.
You can fly.


Message History

* * * LOW HITPOINT WARNING * * *
You feel sick.
Found a small bone ring.
You're too hungry.
You barely miss the scorpion.
You feel sick. The scorpion closely misses you.
You riposte.
You hit the scorpion but do no damage. Your kick misses the scorpion.
You peck the scorpion.
The scorpion is moderately wounded.
You swoop lightly up into the air.
You feel very comfortable in the air.
You feel somewhat more hungry.
You feel sick. The scorpion completely misses you.
Eat one of 3 chunks of flesh? (ye/n/q)
You eat one of the 3 chunks of flesh.
This raw flesh tastes terrible.
You are feeling hungry.
You feel sick. The scorpion completely misses you.
Your skin crawls.
You feel resistant to hostile enchantments.
You are feeling very hungry.
You feel sick. The scorpion stings you!
You die...

.## ..# ##..# .
#...##!.. #........
######+#........
#......รท##%.....
#.....s.# .....
#....@..# ....
#####...............
#...........####= ##
#.........##..
#.........# ...
..... #.........#
.....
......#.........#
.....
......#.........#
... #....#........)#


You could see a scorpion.

Vanquished Creatures
  Sigmund (D:2)
  A howler monkey (D:4)
  Terence (D:2)
  An iguana (D:4)
  A worker ant (D:4)
  3 gnolls (D:3)
  3 adders
  2 worms
  6 dart slugs
  4 leopard geckos
  3 giant cockroaches
  9 goblins
  9 hobgoblins
  2 jackals (D:1)
  8 kobolds
  2 quokkas (D:3)
  7 bats
  5 frilled lizards
  A leopard gecko skeleton (D:4)
  6 rats
75 creatures vanquished.

Notes
Turn   | Place    | Note
-------+----------+-------------------------------------------
     0 | D:1      | GrunderHorse the Tengu Berserker began the quest for the Orb.
     0 | D:1      | Reached XP level 1. HP: 14/14 MP: 2/2
    44 | D:1      | Reached XP level 2. HP: 13/19 MP: 3/3
   517 | D:1      | Reached XP level 3. HP: 23/23 MP: 4/4
   518 | D:1      | Reached skill level 4 in Long Blades
  1048 | D:2      | Reached ** piety under Trog
  1048 | D:2      | Reached XP level 4. HP: 22/28 MP: 5/5
  1146 | D:2      | Found a radiant altar of Vehumet.
  1428 | D:2      | Noticed Sigmund
  1444 | D:2      | Killed Sigmund
  1444 | D:2      | Reached skill level 5 in Long Blades
  1444 | D:2      | Gained mutation: You can fly. [Tengu growth]
  1444 | D:2      | Reached XP level 5. HP: 32/32 MP: 6/6
  1444 | D:2      | Reached XP level 6. HP: 36/37 MP: 7/7
  1772 | D:2      | Noticed Terence
  1778 | D:2      | Killed Terence
  1778 | D:2      | Reached skill level 5 in Dodging
  2260 | D:3      | Found an iron altar of Okawaru.
  2585 | D:4      | Reached skill level 6 in Long Blades
  2616 | D:4      | HP: 1/37 [scorpion (3)]
  2621 | D:4      | HP: 1/37 [poisoned by a worker ant]
  2621 | D:4      | Mangled by a scorpion

Skill      XL: |  1  2  3  4  5  6 |
---------------+-------------------+-----
Dodging        | 3 4 5 |  5.7
Long Blades    | 4 5 6 |  6.3
Fighting       | |  3.0
Armour         | |  2.1

Action                   |  1- 3 |  4- 6 || total
-------------------------+-------+-------++-------
Melee: Falchion          |    58 |    97 ||   155
       Peck              |     4 |    29 ||    33
       Kick              |    18 |    27 ||    45
Invok: Berserk           |       |     4 ||     4
       Trog's Hand       |       |     3 ||     3
 Abil: Fly               |       |     1 ||     1
  Use: Scroll            |       |     2 ||     2
 Stab: Sleeping          |       |     2 ||     2
  Eat: Chunk             |       |     6 ||     6
       Ration            |       |     1 ||     1
Armor: Animal skin       |    10 |     6 ||    16
Dodge: Dodged            |    52 |    70 ||   122
       Rpst.: Falchion   |    14 |    17 ||    31
